 Dungeon Crawl Stone Soup version 0.30.0-29-ga12c61a403 (webtiles) character file.

Game seed: 5577120087910581765

537 sweetbreads the Chopper (level 7, -7/61 HPs)
             Began as a Minotaur Berserker on June 5, 2023.
             Was a Priest of Trog.
             Succumbed to a gnoll sergeant's poison
             ... on level 5 of the Dungeon.
             The game lasted 00:09:16 (3498 turns).

sweetbreads the Chopper (Minotaur Berserker)        Turns: 3498, Time: 00:09:16

Health: -7/61      AC:  3    Str: 21 (23) XL:     7   Next: 5%
Magic:  6/6        EV: 13    Int:  1 (4)  God:    Trog [***...]
Gold:   251        SH:  0    Dex: 14 (16) Spells: 6/6 levels left

rFire   . . .        n - +0 broad axe
rCold   . . .        (no shield)
rNeg    . . .        u - +0 leather armour
rPois   .            (helmet restricted)
rElec   .            (no cloak)
rCorr   .            (no gloves)
SInv    .            (no boots)
Will    .....        (no amulet)
Stlth   +            m - +6 ring of dexterity
HPRegen 0.30/turn    w - +4 ring of slaying
MPRegen 0.10/turn

%: no passive effects
@: lethally poisoned (-7 -> -47)
A: horns 2, retaliatory headbutt
a: Renounce Religion, Berserk, Trog's Hand


You were on level 5 of the Dungeon.
You worshipped Trog.
Trog was most pleased with you.
You visited 1 branch of the dungeon, and saw 5 of its levels.

You collected 251 gold pieces.

Inventory:

Hand Weapons
 a - a +0 hand axe
 g - the +3 dagger of Destiny {flame, rElec rF- Str+5 Int+3}
   (You found it on level 2 of the Dungeon)

   Str:       It affects your strength (+5).
   Int:       It affects your intelligence (+3).
   rF:        It makes you vulnerable to fire.
   rElec:     It insulates you from electricity.
 j - the +4 morningstar of Ucorchim {heavy, *Corrode Int+4}
   (You found it on level 2 of the Dungeon)

   Int:       It affects your intelligence (+4).
   *Corrode:  It may corrode you when you take damage.
 n - a +0 broad axe (weapon)
 z - a +2 flail of protection
Armour
 b - a +0 animal skin
 p - a +0 scale mail
 u - a +0 leather armour (worn)
Jewellery
 m - a +6 ring of dexterity (left hand)
 v - a +6 ring of intelligence
 w - a +4 ring of slaying (right hand)
Scrolls
 c - a scroll of immolation {unknown}
 d - a scroll of magic mapping {unknown}
 i - a scroll of poison {unknown}
 l - a scroll of noise {unknown}
 o - a scroll of teleportation {unknown}
 r - 3 scrolls of identify {unknown}
 s - 2 scrolls of butterflies {unknown}
 x - a scroll of enchant armour {unknown}
 y - a scroll of amnesia {unknown}
Potions
 e - 2 potions of degeneration
 f - 4 potions of curing {unknown}
 h - a potion of haste {unknown}
 k - a potion of flight {unknown}
 q - a potion of experience {unknown}
 t - a potion of attraction {unknown}


   Skills:
 + Level 5.1 Fighting
 + Level 1.5 Short Blades
 + Level 6.1 Axes
 * Level 4.0 Armour
 * Level 4.0 Dodging
 * Level 3.0 Unarmed Combat


You had 6 spell levels left.
You didn't know any spells.
Your spell library was empty.

Dungeon Overview and Level Annotations

Branches:
Dungeon (5/15)
 Temple: D:4-7

Altars:
Elyvilon
Ru

Annotations:
D:4 Grinder


Innate Abilities, Weirdness & Mutations

You have a pair of horns on your head.
You reflexively headbutt those who attack you in melee.


Message History

A gnoll comes into view. It is wielding a +0 spear.
The gnoll sergeant hits you with a +4 trident of venom.
You are poisoned.
You barely miss the gnoll sergeant.
The gnoll shouts!
You headbutt the gnoll sergeant, but do no damage.
You feel very sick.
You hear a shout! x2
A gnoll comes into view. It is wielding a +0 whip.
The gnoll sergeant hits you with a +4 trident of venom!
You are more poisoned.
A gnoll comes into view. It is wielding a +0 flail.
You barely miss the gnoll sergeant. You headbutt the gnoll sergeant!
The gnoll sergeant is heavily wounded.
You feel extremely sick.
The gnoll sergeant hits you with a +4 trident of venom.
You are more poisoned.
Unknown command.
You barely miss the gnoll sergeant.
The gnoll sergeant is heavily wounded.
* * * LOW HITPOINT WARNING * * *
You feel extremely sick.
The gnoll sergeant hits you with a +4 trident of venom!
* * * LOW HITPOINT WARNING * * *
You are more poisoned.
An orc comes into view. It is wielding a +0 whip.
The gnoll sergeant barely misses you. You furiously retaliate!
You headbutt the gnoll sergeant!
You kill the gnoll sergeant!
Trog accepts your kill.
Your Axes skill increases to level 6!
Your Dodging skill increases to level 4!
Your Unarmed Combat skill increases to level 3!
You have reached level 7!
Unknown command.
Unknown command.
It was a potion of degeneration.
There was something very wrong with that liquid.
You feel weakened.
You feel dopey.
You feel clumsy.
You die...

........##.#.####
#........##......#
#........##......#
#..o.....##......#
###........##......#
...h.......##......#
...........##.#....#
........gg.##.#...<#
.h......g.g)@.#....######
.......######.#.........+
....... #.###..###### #
....... #.# ##..########.
....... #.# ##.##..(....
....... #.# #.##.......
....... #.#####.##.......
....... #................
#................


You could see 4 gnolls and an orc (wandering).

Vanquished Creatures
  A centaur (D:5)
  A phantom (D:5)
  A gnoll sergeant (D:5)
  3 hounds
  An iguana (D:5)
  4 gnolls (D:4)
  7 adders
  3 worms (D:2)
  3 dart slugs (D:2)
  12 orcs
  3 bats
  6 endoplasms
  3 giant cockroaches
  5 goblins
  6 hobgoblins
  3 jackals (D:1)
  5 quokkas
  7 ball pythons
  5 frilled lizards
  4 kobolds
  6 rats
89 creatures vanquished.

Notes
Turn   | Place    | Note
-------+----------+-------------------------------------------
     0 | D:1      | sweetbreads the Minotaur Berserker began the quest for the
                  | Orb.
     0 | D:1      | Reached XP level 1. HP: 19/19 MP: 0/0
   258 | D:1      | Found a faded altar of an unknown god.
   288 | D:1      | Reached XP level 2. HP: 27/27 MP: 1/1
   351 | D:1      | You fall into a shaft and drop 1 floor!
   454 | D:2      | Reached skill level 4 in Axes
   454 | D:2      | Reached skill level 1 in Unarmed Combat
   539 | D:2      | Identified the +3 dagger of Destiny {flame, rElec rF- Str+5
                  | Int+3}
   545 | D:2      | Reached XP level 3. HP: 33/33 MP: 2/2
   619 | D:1      | Reached ** piety under Trog
   913 | D:2      | Identified the +4 morningstar of Ucorchim {heavy, *Corrode
                  | Int+4}
  1252 | D:2      | Reached XP level 4. HP: 28/40 MP: 3/3
  1697 | D:4      | Found a sacrificial altar of Ru.
  1716 | D:4      | Found a white marble altar of Elyvilon.
  1720 | D:4      | Reached skill level 1 in Short Blades
  1894 | D:4      | Reached XP level 5. HP: 28/47 MP: 4/4
  2069 | D:5      | Entered Level 5 of the Dungeon
  2489 | D:3      | Reached *** piety under Trog
  2892 | D:4      | Noticed Grinder
  3019 | D:5      | Reached skill level 5 in Axes
  3019 | D:5      | Reached XP level 6. HP: 51/53 MP: 5/5
  3482 | D:5      | Reached skill level 5 in Fighting
  3497 | D:5      | HP: 1/56 [gnoll sergeant/+4 trident of venom (10)]
  3498 | D:5      | Reached skill level 6 in Axes
  3498 | D:5      | Reached XP level 7. HP: 1/61 MP: 6/6
  3498 | D:5      | Succumbed to a gnoll sergeant's poison

Illustrated notes

Levels and vault maps discovered:
D:1:      saegor_arrival_simple_d, layout_basic,
          hellmonk_ecumenical_altar_zigzags
D:2:      layout_rooms
D:3:      layout_basic, wad_rectangle_vault
D:4:      layout_cave_pods, nicolae_ru_sacrificial_ziggurat,
          mainiacjoe_overflow_alcove_2, overflow_temple_1_default,
          hangedman_decor_points, uniq_grinder, uniq_natasha
D:5:      layout_basic, mainiacjoe_overflow_alcove_1,
          mainiacjoe_overflow_six_doors_small, minmay_between

Skill      XL: |  1  2  3  4  5  6 |
---------------+-------------------+-----
Fighting       | 4 5 |  5.1
Axes           | 4 5 6 |  6.1
Unarmed Combat | 1 2 3 |  3.0
Armour         | 3 4 |  4.0
Short Blades   | 1 |  1.5
Dodging        | 3 4 |  4.0

Action                     |  1- 3 |  4- 6 |  7- 9 || total
---------------------------+-------+-------+-------++-------
  Melee: Hand axe          |    47 |    17 |       ||    64
         Headbutt          |    10 |    22 |       ||    32
         Dagger            |    53 |       |       ||    53
         Punch             |     2 |     1 |       ||     3
         Broad axe         |       |    67 |       ||    67
    Use: Potion            |       |       |     1 ||     1
   Stab: Sleeping          |       |     3 |       ||     3
 Armour: Animal skin       |     8 |     4 |       ||    12
         Leather armour    |       |     8 |       ||     8
  Dodge: Dodged            |    58 |    58 |       ||   116
